 Dungeon Crawl Stone Soup version 0.29.1-15-g9cfb28693d (webtiles) character file.

Game seed: 6335825577585155875

209 Caim the Poker (level 5, -7/39 HPs)
             Began as a Merfolk Gladiator on Feb 17, 2023.
             Was an Initiate of the Shining One.
             Killed by nerve-wracking pain
             ... invoked by a shadow imp
              (8 damage)
             ... on level 5 of the Dungeon on Apr 29, 2023.
             The game lasted 00:21:30 (2677 turns).

Caim the Poker (Merfolk Gladiator)                  Turns: 2677, Time: 00:21:30

Health: -7/39      AC:  5    Str: 16    XL:     5   Next: 87%
Magic:  5/5        EV: 13    Int:  8    God:    the Shining One [......]
Gold:   156        SH:  0    Dex: 15    Spells: 4/4 levels left

rFire   . . .      SeeInvis .   a - +0 trident
rCold   . . .      Faith    .   (no shield)
rNeg    . . .      Spirit   .   b - +0 leather armour
rPois   .          Reflect  .   c - +0 helmet
rElec   .          Harm     .   (no cloak)
rCorr   .          Rampage  .   t - +0 pair of gloves
Will    .....                   (no boots)
Stlth   +.........              k - amulet of regeneration
HPRegen 0.93/turn               (no ring)
MPRegen 0.09/turn               (no ring)

@: confused, glowing
A: (nimble swimmer 2), mertail
a: Renounce Religion


You were on level 5 of the Dungeon.
You worshipped the Shining One.
The Shining One was noncommittal.
You visited 1 branch of the dungeon, and saw 5 of its levels.

You collected 156 gold pieces.

Inventory:

Hand Weapons
 a - a +0 trident (weapon)
 e - a +2 short sword of draining
 p - a +2 dagger of venom
 r - a +0 sling
Missiles
 d - 3 throwing nets
 l - 19 stones
 n - 3 silver javelins (quivered)
 w - 2 silver boomerangs
 x - a javelin
 y - 9 poisoned darts
Armour
 b - a +0 leather armour (worn)
 c - a +0 helmet (worn)
 t - a +0 pair of gloves (worn)
 u - a +0 kite shield
Jewellery
 k - an amulet of regeneration (around neck)
Scrolls
 g - a scroll of fear {unknown}
 h - 2 scrolls of magic mapping {unknown}
 i - a scroll of summoning {unknown}
 m - a scroll of enchant armour {unknown}
 o - 2 scrolls of noise {unknown}
 v - a scroll of enchant weapon {unknown}
Potions
 f - 2 potions of might
 j - 2 potions of curing
 q - 2 potions of berserk rage
 s - a potion of lignification
 A - a potion of attraction {unknown}


   Skills:
 + Level 2.7 Fighting
 + Level 6.1 Polearms
 + Level 2.5 Throwing
 + Level 1.2 Armour
 + Level 4.9 Dodging
 - Level 0.5 Stealth
 * Level 1.5 Shields


You had 4 spell levels left.
You didn't know any spells.
Your spell library contained the following spells:

 Spells                   Type           Power      Damage    Failure   Level
 Apportation              Tloc           0%         N/A       47%         1
 Necrotise                Necr           0%         1d4       47%         1
 Summon Small Mammal      Summ           0%         N/A       47%         1
 Ensorcelled Hibernation  Hex/Ice        0%         N/A       63%         2
 Passwall                 Tmut/Erth      0%         N/A       63%         2
 Swiftness                Air            0%         N/A       85%         3
 Vampiric Draining        Necr           0%         2d6       85%         3
 Agony                    Necr           0%         N/A       100%        5


Dungeon Overview and Level Annotations

Branches:
Dungeon (5/15)
 Temple: D:4-7

Altars:
Nemelex Xobeh
Qazlal
The Shining One

Shops:
D:3 [


Innate Abilities, Weirdness & Mutations

((You are very nimble when in or above water. (Stealth+, EV+, Speed+++)))
Your lower body shifts to a powerful aquatic tail in water.


Message History

You climb downwards.
You hear the sound of rushing water.
There is an entrance to a sewer on this level.
Hurry and find it before the portal rusts away!
Reactivating autopickup.
Found a stone staircase leading down.
There is a stone staircase leading up here.
You puncture the orc priest!
The orc priest is almost dead.
The orc priest barely misses you. Something hits you.
Deactivating autopickup; reactivate with Ctrl-A.
You hit the orc priest but do no damage.
The orc priest is almost dead.
You hear some strange, mumbled words.
You are confused.
The orc priest invokes the aid of Beogh against you.
Beogh smites you!
You hear an angry hiss.
You miss the orc priest.
The orc priest is almost dead.
The orc priest barely misses you. Something hits you but does no damage.
A shadow imp comes into view.
You bump into the rock wall.
The shadow imp shouts!
The orc priest hits you with a +0 short sword.
Something barely misses you.
You bump into the rock wall.
The orc priest calls down the wrath of Beogh upon you.
Pain shoots through your body!
* * * LOW HITPOINT WARNING * * *
Something hits you but does no damage.
You closely miss the orc priest.
The orc priest is almost dead.
Something hits you.
* * * LOW HITPOINT WARNING * * *
The orc priest invokes the aid of Beogh against you.
Pain shoots through your body!
* * * LOW HITPOINT WARNING * * *
The shadow imp gestures at you. Pain shoots through your body!
You die...

....
...####
##..#..#
......
#...~
#..~
##..#
#..@#
#..#>o#
....
..##
..5.
##.# ...
#.# .#
#.# ###


You could see an orc priest and a shadow imp.

Vanquished Creatures
  A crimson imp (D:3)
  An orc priest (D:4)
  An iguana (D:4)
  5 adders
  2 dart slugs
  10 orcs
  3 ball pythons
  4 bats
  4 endoplasms
  5 hobgoblins
  3 quokkas
  3 frilled lizards
  6 goblins
  A goblin skeleton (D:3)
  A goblin zombie (D:3)
  2 hobgoblin zombies (D:3)
  2 kobolds
  2 kobold skeletons (D:3)
  2 kobold zombies (D:3)
  An orc skeleton (D:3)
  2 orc zombies (D:3)
  7 rats
68 creatures vanquished.

Notes
Turn   | Place    | Note
-------+----------+-------------------------------------------
     0 | D:1      | Caim the Merfolk Gladiator began the quest for the Orb.
     0 | D:1      | Reached XP level 1. HP: 16/16 MP: 1/1
   238 | D:1      | Upgraded the game from 0.29.1-14-g9c671dbff4 to
                  | 0.29.1-15-g9cfb28693d
   369 | D:1      | Reached XP level 2. HP: 22/22 MP: 2/2
   840 | D:2      | Reached XP level 3. HP: 14/28 MP: 3/3
  1751 | D:3      | Reached XP level 4. HP: 31/34 MP: 4/4
  1835 | D:3      | Reached skill level 5 in Polearms
  1904 | D:3      | Found Ziet's Antique Armour Shop.
  1936 | D:3      | Found a stormy altar of Qazlal.
  1938 | D:3      | Found a sparkling altar of Nemelex Xobeh.
  1960 | D:3      | Found a faded altar of an unknown god.
  1992 | D:3      | Reached skill level 1 in Armour
  2364 | D:3      | Found a glowing golden altar of the Shining One.
  2369 | D:3      | Reached skill level 1 in Shields
  2369 | D:3      | Reached XP level 5. HP: 39/39 MP: 5/5
  2411 | D:3      | Became a worshipper of the Shining One
  2658 | D:4      | Reached skill level 6 in Polearms
  2671 | D:5      | Entered Level 5 of the Dungeon
  2677 | D:5      | HP: 1/39 [orc priest/nerve-wracking pain (7)]
  2677 | D:5      | Killed from afar by a shadow imp

Illustrated notes

Levels and vault maps discovered:
D:1:      dpeg_arrival_another_circle, layout_loops_ring
D:2:      layout_basic, nrook_mini_backslash, kennysheep_nondescript
D:3:      cheibrodos_helix_gallery, layout_basic,
          mainiacjoe_overflow_catwalk_spiral, nicolae_tso_besieged_by_evil,
          dreamdust_ecumenical_altar_angels_and_demons, serial_shops,
          nicolae_shop_stone, dk_noncrumbling_2
D:4:      layout_rooms
D:5:      layout_rooms, minmay_temple_entry_grid, gup_sewer_entry_pipe,
          minmay_misc_feat_four_crosses, minmay_fractal_squares_5

Skill      XL: |  1  2  3  4  5 |
---------------+----------------+-----
Polearms       | 5 6 |  6.1
Armour         | 1 |  1.2
Shields        | 1 |  1.5
Fighting       | |  2.7
Throwing       | |  2.5
Dodging        | |  4.9
Stealth        | |  0.5

Action                   |  1- 3 |  4- 6 || total
-------------------------+-------+-------++-------
Melee: Trident           |    87 |   133 ||   220
Throw: Javelin           |     7 |     8 ||    15
  Use: Scroll            |     1 |     4 ||     5
 Stab: Sleeping          |     2 |       ||     2
Armor: Leather armour    |    35 |    34 ||    69
Dodge: Dodged            |    62 |    87 ||   149
